AoeStats
← NPG | Shimishi Maki

Arabia

509670145Analyzed
4v4 RM · 4d ago on Sep 27, 2026· 33m 41s· 8 players
Game mode
Random Map
Map size
Large (8 player)
Population
200
Speed
Normal
Resources
Standard
Victory
Conquest
Starting age
Dark Age
Ending age
Imperial Age
RankedLock teamsTeams togetherTeam positionsShared explorationLock speedFull tech treeHidden civsTurbo modeCheats
Victory
Defeat
🇨🇱 Gurjaras · Chile
1683
+16
🇨🇱 Bulgarians · Chile
1681
+16
🇨🇱 Lithuanians · Chile
1495
+23
🇨🇱 Saracens · Chile
1418
+25
🇭🇰 Malians · Hong Kong SAR China
1718
-22
🇭🇰 Cumans · Hong Kong SAR China
1710
-22
🇭🇰 Georgians · Hong Kong SAR China
1644
-19
🇭🇰 Chinese · Hong Kong SAR China
1577
-17
Dkastro
5:55 Loom
5:58 Loom
8:56 Feudal Age
9:26 Double-Bit Axe
9:53 Horse Collar
16:37 Wheelbarrow
17:15 Scale Barding Armor
17:55 Forging
18:18 Bloodlines
21:01 Gold Mining
23:17 Castle Age
22:26 Gold Mining
23:22 Light Cavalry
24:24 Chain Barding Armor
24:14 Bow Saw
25:22 Iron Casting
25:09 Town Watch
26:10 Hand Cart
27:51 Husbandry
28:34 Heavy Plow
33:34 Town Patrol
NPG | El Compadre
7:10 Loom
9:11 Feudal Age
10:59 Double-Bit Axe
16:07 Fletching
19:11 Wheelbarrow
18:42 Padded Archer Armor
21:45 Horse Collar
22:52 Town Watch
26:25 Castle Age
25:50 Gold Mining
26:16 Bloodlines
27:20 Thumb Ring
27:16 Bodkin Arrow
28:08 Bow Saw
28:30 Husbandry
29:32 Ballistics
30:09 Leather Archer Armor
31:31 Hand Cart
Manu CL
3:26 Loom
9:40 Feudal Age
10:10 Double-Bit Axe
12:34 Fletching
16:22 Padded Archer Armor
20:09 Wheelbarrow
23:59 Castle Age
22:25 Gold Mining
22:36 Horse Collar
24:03 Crossbowman
24:40 Bodkin Arrow
25:32 Leather Archer Armor
26:36 Ballistics
29:41 Thumb Ring
30:46 Bow Saw
35:29 Imperial Age
33:49 Heavy Plow
NPG | Shimishi Maki
6:20 Loom
8:31 Feudal Age
9:05 Double-Bit Axe
9:00 Horse Collar
20:06 Castle Age
18:26 Scale Barding Armor
18:43 Gold Mining
19:13 Bloodlines
20:10 Light Cavalry
21:01 Bow Saw
21:01 Husbandry
21:57 Chain Barding Armor
25:20 Heavy Plow
29:42 Wheelbarrow
28:53 Town Watch
30:03 Forging
31:41 Hand Cart
Sakmelo
7:05 Loom
10:41 Feudal Age
16:11 Fletching
17:53 Double-Bit Axe
25:53 Castle Age
24:38 Padded Archer Armor
25:55 Crossbowman
27:38 Bodkin Arrow
29:16 Leather Archer Armor
31:09 Wheelbarrow
30:30 Gold Mining
30:52 Bow Saw
31:18 Ballistics
happy伯
0:26 Loom
9:38 Feudal Age
10:05 Double-Bit Axe
15:28 Scale Barding Armor
18:02 Forging
18:04 Horse Collar
20:27 Bloodlines
24:10 Castle Age
24:17 Light Cavalry
25:08 Husbandry
25:30 Chain Barding Armor
29:17 Scale Mail Armor
32:12 Squires
33:03 Iron Casting
33:08 Wheelbarrow
_luN
6:57 Loom
9:46 Feudal Age
12:23 Fletching
17:42 Padded Archer Armor
18:23 Double-Bit Axe
24:28 Castle Age
22:38 Horse Collar
22:52 Gold Mining
25:07 Bodkin Arrow
25:59 Bloodlines
25:50 Husbandry
26:16 Horse Collar
27:15 Town Watch
27:44 Crossbowman
29:24 Leather Archer Armor
31:45 Ballistics
MJAI
5:46 Loom
6:02 Loom
9:11 Feudal Age
9:48 Double-Bit Axe
14:29 Town Watch
17:45 Forging
19:06 Scale Barding Armor
22:10 Bloodlines
29:16 Castle Age
28:05 Wheelbarrow
30:24 Chain Barding Armor
30:39 Iron Casting
Connection lost

Rejoining the realm…

Still unreachable

The connection could not be restored.

Session expired

The server has moved on; the page needs a fresh start.